 Dungeon Crawl Stone Soup version 0.32-a0-975-g85d4e5bfdb (webtiles) character file.

Game seed: 17888964221686051432

1470988 EnegeticOcto the Pannier (level 27, 228/228 HPs)
             Began as a Coglin Monk on Apr 19, 2024.
             Was an Initiate of Nemelex Xobeh.
             Escaped with the Orb
             ... and 3 runes!
             The game lasted 02:26:12 (90262 turns).

EnegeticOcto the Pannier (Coglin Monk)             Turns: 90262, Time: 02:26:12

Health: 228/228    AC: 27    Str: 16    XL:     27
Magic:  33/33      EV: 28    Int: 10    God:    Nemelex Xobeh [......]
Gold:   1939       SH:  0    Dex: 29    Spells: 31/32 levels left

rFire   + . .        r - +7 quick blade (drain) {Lisbeth}
rCold   + + .        E - +9 quick blade (distort) {Ajinder}
rNeg    + . .        v - +2 scale mail "Leutiur" {rElec rPois rN+}
rPois   +            s - +2 helmet of Minor Irritation {Will+ Int-3 Slay+3 SInv}
rElec   +            K - +2 cloak {Will+}
rCorr   +            n - +3 pair of gloves of Neatz {Int+4 Dex+4}
SInv    +            a - +1 pair of boots of the Jolly Nights {rC++ Stlth+}
Will    ++++.        (amulet unavailable)
Stlth   +            (ring unavailable)
HPRegen 0.58/turn    (ring unavailable)
MPRegen 0.23/turn    Q - adeledicnander widget {RevParry, rPois rF+ rCorr}

%: no passive effects
@: no status effects
A: off-hand wielding, slow wielding, warmup strikes, no jewellery, see
invisible, clumsy 1, deterioration 1, low MP 1
0: Orb of Zot
}: 3/15 runes: serpentine, barnacled, silver
a: Renounce Religion, Draw Escape, Draw Destruction, Draw Summoning


You escaped.
You worshipped Nemelex Xobeh.
Nemelex Xobeh was noncommittal.
You visited 9 branches of the dungeon, and saw 47 of its levels.
You visited 1 bazaar.
You also visited: Gauntlet, Wizlab and Desolation.

You collected 6312 gold pieces.
You spent 4373 gold pieces at shops.

Inventory:

Hand Weapons
 r - a +7 quick blade of draining (weapon) {Lisbeth}
   (You took it off a deep elf blademaster on level 2 of the Elven Halls)
 E - a +9 quick blade of distortion (offhand) {Ajinder}
   (You subdued it on level 2 of the Elven Halls)
Missiles
 j - 4 atropa-tipped darts
 G - 9 throwing nets {!f}
 I - 6 curare-tipped darts
Armour
 a - the +1 pair of boots of the Jolly Nights (worn) {rC++ Stlth+}
   (You acquired it on level 6 of the Dungeon)

   rC++:      It greatly protects you from cold.
   Stlth+:    It makes you more stealthy.
 n - the +3 pair of gloves of Neatz (worn) {Int+4 Dex+4}
   (You found it on level 1 of the Vaults)

   Int+4:     It affects your intelligence (+4).
   Dex+4:     It affects your dexterity (+4).
 s - the +2 helmet of Minor Irritation (worn) {Will+ Int-3 Slay+3 SInv}
   (You acquired it on level 3 of the Elven Halls)

   Int-3:     It affects your intelligence (-3).
   Slay+3:    It affects your accuracy & damage with ranged weapons and melee
   (+3).
   Will+:     It increases your willpower.
   SInv:      It lets you see invisible.
 v - the +2 scale mail "Leutiur" (worn) {rElec rPois rN+}
   (You found it on level 8 of the Dungeon)

   rElec:     It insulates you from electricity.
   rPois:     It protects you from poison.
   rN+:       It protects you from negative energy.
 F - the +3 crown of Dyrovepreva {rElec Int+2 SInv}
   (You bought it in a shop in a bazaar)

   Int+2:     It affects your intelligence (+2).
   rElec:     It insulates you from electricity.
   SInv:      It lets you see invisible.
 K - a +2 cloak of willpower (worn)
   (You bought it in a shop on level 5 of the Dungeon)
 O - the +1 ring mail of Limitation {Dex+4 Slay+3}
   (You found it on level 5 of the Lair of Beasts)

   Dex+4:     It affects your dexterity (+4).
   Slay+3:    It affects your accuracy & damage with ranged weapons and melee
   (+3).
 U - a scarf of resistance
   (You found it in a Gauntlet)
Gizmo
 Q - an adeledicnander widget (installed) {RevParry, rPois rF+ rCorr}
   (You invented it yourself on level 5 of the Lair of Beasts)

   [adeledicnander widget]

   RevParry:  Your AC increases as you Rev (up to +5) and while fully Revved,
   your attacks may disarm enemies.
   rF+:       It protects you from fire.
   rPois:     It protects you from poison.
   rCorr:     It protects you from acid and corrosion.
Wands
 f - a wand of roots (15) {@v2}
   (You found it on level 5 of the Dungeon)
 h - a wand of quicksilver (26) {@v1}
   (You found it on level 15 of the Dungeon)
 B - a wand of flame (46) {@v4}
   (You found it on level 10 of the Dungeon)
 C - a wand of paralysis (21)
   (You found it on level 7 of the Dungeon)
 W - a wand of digging (5) {@v3}
   (You found it in the Desolation of Salt)
 Y - a wand of mindburst (5)
   (You found it in the Desolation of Salt)
Scrolls
 d - a scroll of silence {!r}
 e - 5 scrolls of blinking {@r4}
 g - 2 scrolls of torment
 k - 13 scrolls of fear {!r}
 m - 6 scrolls of immolation
 y - 5 scrolls of butterflies {!r}
 A - 6 scrolls of vulnerability
 D - 7 scrolls of teleportation {@r3 !r}
 M - 3 scrolls of fog {!r}
 N - a scroll of revelation {@r5 !r}
 V - 4 scrolls of poison {!r}
 Z - 3 scrolls of enchant armour
Potions
 c - 2 potions of ambrosia
 i - 2 potions of heal wounds {@q2 !q}
 l - 9 potions of might {@q3 !q}
 o - 27 potions of curing {@q1 !q}
 q - 2 potions of invisibility
 u - 6 potions of brilliance
 w - 7 potions of attraction
 x - 4 potions of berserk rage
 z - 4 potions of haste {@q4 !q}
 H - a potion of resistance
 J - 3 potions of magic
 P - 5 potions of cancellation
 R - 5 potions of lignification {@q6}
 S - 6 potions of mutation
 T - 12 potions of enlightenment
Miscellaneous
 b - a tin of tremorstones (1/2)
   (You found it on level 4 of the Shoals)
 p - a lightning rod (4/4)
   (You found it on level 4 of the Shoals)


   Skills:
 - Level 21.0 Fighting
 - Level 13.6(14.0) Short Blades
 - Level 5.1(10.9) Long Blades
 + Level 16.7 Armour
 - Level 21.0 Dodging
 - Level 3.0 Stealth
 - Level 3.0 Spellcasting
 - Level 8.0 Translocations
 - Level 21.1 Invocations
 - Level 21.0 Evocations


You had 31 spell levels left.
You knew the following spells:

 Your Spells              Type           Power      Damage    Failure   Level
a - Apportation           Tloc           34%        N/A       2%          1

Your spell library contained the following spells:

 Spells                   Type           Power      Damage    Failure   Level
 Lesser Beckoning         Tloc           34%        N/A       3%          2
 Maxwell's Portable Pile  Tloc           17%        2d(6-18)  8%          3
 Teleport Other           Tloc           17%        N/A       8%          3
 Passage of Golubria      Tloc           17%        N/A       24%         4
 Foxfire                  Conj/Fire      4%         2x1d4     54%         1
 Freeze                   Ice            4%         1d3       54%         1
 Kiss of Death            Conj/Necr      4%         2d5       54%         1
 Magic Dart               Conj           4%         1d3       54%         1
 Necrotise                Necr           4%         1d4       54%         1
 Shock                    Conj/Air       4%         1d3       54%         1
 Slow                     Hex            4%         N/A       54%         1
 Sting                    Conj/Alch      4%         1d3       54%         1
 Summon Small Mammal      Summ           4%         N/A       54%         1
 Cigotuvi's Dreadful Rot  Necr/Alch/Air  2%         N/A       69%         2
 Ensorcelled Hibernation  Hex/Ice        2%         N/A       69%         2
 Jinxbite                 Hex            2%         N/A       69%         2
 Mercury Vapours          Alch/Air       2%         N/A       69%         2
 Searing Ray              Conj           2%         2d4       69%         2
 Static Discharge         Conj/Air       2%         3-4/arc   69%         2
 Dimensional Bullseye     Hex/Tloc       4%         N/A       77%         4
 Iskenderun's Mystic Bla Conj/Tloc 9%             2d4        (+2d1     77%         4
 Call Canine Familiar     Summ           1%         N/A       89%         3
 Confusing Touch          Hex            1%         N/A       89%         3
 Dazzling Flash           Conj/Hex       2%         N/A       89%         3
 Frozen Ramparts          Ice            2%         1d1       89%         3
 Fugue of the Fallen      Necr           1%         N/A       89%         3
 Hailstorm                Conj/Ice       1%         3d5       89%         3
 Mephitic Cloud           Conj/Alch/Air  1%         N/A       89%         3
 Ozocubu's Armour         Ice            1%         N/A       89%         3
 Sigil of Binding         Hex            1%         N/A       89%         3
 Stone Arrow              Conj/Erth      2%         3d7       89%         3
 Summon Ice Beast         Ice/Summ       1%         N/A       89%         3
 Swiftness                Air            1%         N/A       89%         3
 Tukima's Dance           Hex            1%         N/A       89%         3
 Vampiric Draining        Necr           1%         2d6       89%         3
 Dispersal                Tloc           8%         N/A       98%         6
 Gell's Gavotte           Tloc           8%         2d(15-22) 98%         6
 Airstrike                Air            0%         2d(1-17)  100%        4
 Anguish                  Hex/Necr       0%         N/A       100%        4
 Animate Armour           Summ/Erth      2%         N/A       100%        4
 Animate Dead             Necr           1%         N/A       100%        4
 Cause Fear               Hex            0%         N/A       100%        4
 Dispel Undead            Necr           1%         3d6       100%        4
 Fulminant Prism          Conj/Alch      0%         3d5       100%        4
 Ignite Poison            Fire/Alch      1%         N/A       100%        4
 Leda's Liquefaction      Alch/Erth      0%         N/A       100%        4
 Martyr's Knell           Necr/Summ      1%         N/A       100%        4
 Olgreb's Toxic Radiance  Alch           1%         N/A       100%        4
 Sticky Flame             Fire/Alch      1%         2d4       100%        4
 Summon Blazeheart Golem  Fire/Summ      1%         N/A       100%        4
 Summon Lightning Spire   Summ/Air       1%         N/A       100%        4
 Alistair's Intoxication  Alch           0%         N/A       100%        5
 Arcjolt                  Conj/Air       0%         1d10      100%        5
 Borgnjor's Vile Clutch   Necr/Erth      0%         N/A       100%        5
 Curse of Agony           Necr           1%         N/A       100%        5
 Fireball                 Conj/Fire      0%         3d3       100%        5
 Freezing Cloud           Conj/Ice/Air   0%         6-21      100%        5
 Irradiate                Conj/Alch      0%         3d11      100%        5
 Iskenderun's Battlesphe  Conj           1%         2d6       100%        5
 Metabolic Englaciation   Hex/Ice        0%         N/A       100%        5
 Yara's Violent Unravell  Hex/Alch       0%         3d3       100%        5
 Bombard                  Conj/Erth      0%         9d1       100%        6
 Conjure Ball Lightning   Conj/Air       0%         3x3d6     100%        6
 Death Channel            Necr           0%         N/A       100%        6
 Permafrost Eruption      Ice/Erth       0%         2x4d1     100%        6
 Plasma Beam              Fire/Air       0%         2x1d10    100%        6
 Sculpt Simulacrum        Ice/Alch       0%         N/A       100%        6
 Starburst                Conj/Fire      0%         6d3       100%        6
 Enfeeble                 Hex            0%         N/A       100%        7
 Haunt                    Necr/Summ      0%         N/A       100%        7
 Magnavolt                Erth/Air       0%         3d9       100%        7
 Malign Gateway           Summ/Tloc      4%         N/A       100%        7
 Manifold Assault         Tloc           8%         N/A       100%        7
 Ozocubu's Refrigeration  Ice            0%         4d7       100%        7
 Seismic Cannonade        Alch/Erth      0%         6d4       100%        7
 Disjunction              Tloc           8%         N/A       100%        8
 Fulsome Fusillade        Conj/Alch      0%         (3-5)d4   100%        8
 Infestation              Necr           0%         N/A       100%        8
 Lehudib's Crystal Spear  Conj/Erth      0%         10d2      100%        8
 Maxwell's Capacitive Co  Air            0%         ∞         100%        8
 Chain Lightning          Conj/Air       0%         2d1       100%        9
 Death's Door             Necr           0%         N/A       100%        9
 Dragon's Call            Summ           0%         N/A       100%        9
 Polar Vortex             Ice            0%         N/A       100%        9


Dungeon Overview and Level Annotations

Branches:
Dungeon (15/15)            Temple (0/1) D:6            Lair (5/5) D:10
 Shoals (4/4) Lair:2        Snake (4/4) Lair:2        Slime (0/5) Lair:5
    Orc (2/2) D:9             Elf (3/3) Orc:2        Vaults (5/5) D:14
  Crypt (0/3) Vaults:2     Depths (4/4) D:15            Zot (5/5) Depths:4
 WizLab (visited)         Desolation (visited)      Gauntlet (visited)

Altars:
Ashenzari
Cheibriados
Dithmenos
Elyvilon
Fedhas
Gozag
Hepliaklqana
Kikubaaqudgha
Makhleb
Nemelex Xobeh
Okawaru
Ru
Sif Muna
Vehumet
Wu Jian
Xom
Yredelemnul
Zin
The Shining One
Jiyva

Shops:
D:4 !   D:5 [   D:7 ?   D:9 *[!(*(*:[?   D:14 *   Orc:2 ([*=   Elf:1 *
Elf:3 *   Shoals:1 *   Shoals:3 :   Snake:2 [   Snake:3 *   Snake:4 (*(=:
Vaults:1 [   Vaults:2 [*?*   Depths:1 =((

Portals:
Hell: Depths:1 Depths:2 Depths:3 Depths:4
Abyss: Depths:3
Pandemonium: Depths:2
Ziggurat: Depths:2
Trove: D:14 (give 4 scrolls of blinking)

Annotations:
D:15 exclusion: door
Lair:3 2 transporters
Lair:5 1 exclusion
Shoals:2 3 runed translucent doors, exclusion: 3 doors, icebreaker629's ghost, adept DsBe
Snake:3 Roxanne
Vaults:4 exclusions: hell knight and hellephant, Margery
Depths:1 exclusion: door
Depths:3 exclusion: 3 doors
Abyss:1 Boris; Nikola; Vv; Xtahua


Innate Abilities, Weirdness & Mutations

You can wield a second weapon in your off-hand.
It takes a long time for you to wield or remove held weapons.
Your first few attacks do less damage.
You cannot equip rings or amulets.
You have supernaturally acute eyesight. (SInv)
You are clumsy. (Dex -2)
Your body sometimes deteriorates upon taking damage.
Your magical capacity is low. (-10% MP)


Message History

Where to? (Tab/Enter - D:3 @ (x,y), ? - help)
There is a stone staircase leading down here.
You climb downwards.
Your summoned allies are left behind.
There is a stone staircase leading up here.
Things that are here:
a +2 robe; a +0 scythe; the human skeleton of Sigmund Your extra speed is starting to run out.
You feel yourself slow down.
There is an open door here.
There is a sparkling altar of Nemelex Xobeh here.
Unknown command.
Press < or > to pray at altars.
Really renounce your faith, foregoing its fabulous benefits?
Are you sure?
You have lost your religion!
Nemelex Xobeh does not appreciate desertion!
Your access to Nemelex Xobeh's decks is revoked.
You kneel at the altar of Nemelex Xobeh.
Nemelex Xobeh welcomes you back!
You can now draw from decks of power.
(D) Dungeon (T) Temple (L) Lair (A) Shoals (P) Snake Pit (M) Slime Pits (O) Orcish Mines (E) Elven Halls (V) Vaults (C) Crypt (U) Depths (H) Hell (Z) Zot
Where to? (Tab/Enter - D:3 @ (x,y), ? - help)
What level of the Dungeon? (default 3, ? - help)
There is an open door here.
A smoke demon comes into view.
The smoke demon roars!
The smoke demon misses you.
The smoke demon hits you but does no damage. x2
You puncture the smoke demon with your +7 quick blade of draining! x2
The smoke demon is heavily wounded.
You hit the smoke demon with your +9 quick blade of distortion.
You hit the smoke demon but do no damage.
Space warps around the smoke demon.
The smoke demon is severely wounded.
The smoke demon blinks!
The smoke demon misses you. The smoke demon barely misses you.
The smoke demon hits you but does no damage.
You puncture the smoke demon with your +7 quick blade of draining! x2
You kill the smoke demon!
(D) Dungeon (T) Temple (L) Lair (A) Shoals (P) Snake Pit (M) Slime Pits (O) Orcish Mines (E) Elven Halls (V) Vaults (C) Crypt (U) Depths (H) Hell (Z) Zot
Where to? (Tab/Enter - D:1 @ (x,y), ? - help)
A neqoxec comes into view.
The neqoxec shouts!
Unknown command.
Unknown command.
A Brimstone Fiend comes into view.
The Brimstone Fiend moves out of view.
Things that are here:
a +2 robe; a +0 scythe; the human skeleton of Sigmund Blink to where?
Press: ? - help, Dir - move target
As you read the scroll of blinking {@r4}, it crumbles to dust.
You climb upwards.
There is a stone staircase leading down here.
(D) Dungeon (T) Temple (L) Lair (A) Shoals (P) Snake Pit (M) Slime Pits (O) Orcish Mines (E) Elven Halls (V) Vaults (C) Crypt (U) Depths (H) Hell (Z) Zot
Where to? (Tab/Enter - D:1 @ (x,y), ? - help)
A large abomination comes into view.
There is a stone staircase leading up, spattered with blood here.
You climb upwards.
There is a stone staircase leading down here.
(D) Dungeon (T) Temple (L) Lair (A) Shoals (P) Snake Pit (M) Slime Pits (O) Orcish Mines (E) Elven Halls (V) Vaults (C) Crypt (U) Depths (H) Hell (Z) Zot
Where to? (Tab/Enter - D:1 @ (x,y), ? - help)
A smoke demon is nearby!
The smoke demon hits you. The smoke demon barely misses you.
The smoke demon closely misses you.
You hit the smoke demon with your +7 quick blade of draining. x2
The smoke demon is lightly wounded.
You hit the smoke demon with your +9 quick blade of distortion.
You completely miss the smoke demon with your +9 quick blade of distortion.
The smoke demon is moderately wounded.
The smoke demon completely misses you.
The smoke demon hits you but does no damage.
The smoke demon completely misses you.
You puncture the smoke demon with your +9 quick blade of distortion!
The smoke demon is devoured by a tear in reality.
No target in view!
(D) Dungeon (T) Temple (L) Lair (A) Shoals (P) Snake Pit (M) Slime Pits (O) Orcish Mines (E) Elven Halls (V) Vaults (C) Crypt (U) Depths (H) Hell (Z) Zot
Where to? (Tab/Enter - D:1 @ (x,y), ? - help)
You enter the shallow water.
Moving in this stuff is going to be slow.
HP restored.
You see here a +0 long sword.
There is a large broken door here.
There is a staircase leading out of the dungeon here.
You have escaped!

.#............#..................
.#......##..#....................
.......###....#..................
###.#..# #.......................
#.##.###..~~~≈§≈≈~~~...........
#.##....(.~ß~~§≈~~ß~........... #
#.##..##..~~ß~~~~ß~~......###..
###.........≈~~####[~≈...##.# #.#
............≈≈~#@.'~≈≈....#.###.#
#.>...#.##..≈≈~#..')≈≈..........#
......#.##.#§~~####~~≈.........#.
#.....#.##.#~~ß~~~~ß~~§..).......
#.....#.....~ß~~≈≈~~ß~...>.......
#.÷...#####.~~~≈≈≈≈~~~...........
###########......................
##........##..................###
##........#####...............# #


There were no monsters in sight!

Vanquished Creatures
  3 dread liches (Vaults:5)
  An ancient lich (Zot:5)
  Bai Suzhen (Vaults:5)
  2 caustic shrikes (Depths:4)
  2 curse toes (Zot:2)
  8 golden dragons
  Norris (Vaults:3)
  A Tzitzimitl (Zot:5)
  Jorgrun (Elf:2)
  An electric golem (Zot:5)
  10 Orb Guardians
  6 tentacled monstrosities
  A lich (Depths:1)
  4 quicksilver dragons
  Asterion (Snake:4)
  4 deep elf blademasters
  5 sphinxes
  A walking frostbound tome (Depths:2)
  3 deep elf master archers (Elf:3)
  3 titans
  4 acid blobs (Zot:3)
  3 death cobs (Zot:5)
  5 tengu reavers
  6 shadow dragons
  Aizul (Snake:4)
  3 protean progenitors
  4 storm dragons
  2 nagarajas (Snake:4)
  A draconian monk (Zot:3)
  5 draconian shifters
  2 draconian knights
  2 imperial myrmidons (Desolation)
  2 iron dragons
  13 vault wardens
  7 fire giants
  8 deep elf sorcerers (Elf:3)
  9 frost giants
  4 ghost moths
  21 ironbound preservers
  A cacodemon (Depths:3)
  An angel (Shoals:3)
  3 draconian stormcallers (Zot:3)
  14 stone giants
  A reaper (Depths:3)
  2 orc warlords (Orc:2)
  4 deep elf elementalists (Elf:3)
  2 draconian annihilators (Zot:1)
  2 apis (Shoals:4)
  A vampire knight (Depths:2)
  5 ironbound thunderhulks
  3 purple draconians
  7 green draconians
  20 very ugly things
  6 black draconians
  9 deep elf demonologists
  11 deep elf annihilators
  2 halazid warlocks (Desolation)
  3 white draconians
  8 dire elephants
  5 deep elf death magi
  A red draconian (Zot:1)
  9 spark wasps
  10 yellow draconians
  3 war gargoyles
  13 merfolk impalers
  9 ettins
  5 deep elf high priests
  10 fire dragons
  3 merfolk javelineers
  A green death (D:2)
  4 crystal guardians
  An entropy weaver (Vaults:3)
  13 yaktaur captains
  2 ragged hierophants (Desolation)
  6 servants of whispers
  5 hydras
  9 great orbs of eyes
  Erolcha (Orc:1)
  8 peacekeepers
  2 rakshasas
  An ogre mage (Vaults:5)
  Fannar (Orc:2)
  9 ice dragons
  3 salamander tyrants
  29 vault guards
  2 spriggan air magi (Depths:4)
  2 catoblepae
  4 ironbound frosthearts
  8 centaur warriors
  4 boulder beetles
  25 dancing weapons
  16 two-headed ogres
  4 alligator snapping turtles
  11 anacondas
  2 merfolk avatars
  7 tengu warriors
  A sphinx skeleton (Vaults:2)
  5 deep troll shamans (Depths:4)
  12 merfolk aquamancers
  2 satyrs (Shoals:2)
  11 shock serpents
  4 deep troll earth magi
  A two-headed ogre (shapeshifter) (Vaults:5)
  4 orc high priests (Orc:2)
  3 spriggan berserkers
  10 death yaks
  13 hell knights
  9 naga sharpshooters
  16 naga warriors
  A goliath frog (Gauntlet)
  2 soul eaters
  17 deep elf knights
  A shadow wraith (Vaults:5)
  A sun demon (Depths:2)
  5 iron trolls
  A skyshark (shapeshifter) (Vaults:5)
  A fire crab (shapeshifter) (Elf:3)
  4 salamander mystics
  A mana viper (shapeshifter) (Depths:3)
  2 flayed ghosts
  10 skysharks
  10 deep elf archers
  5 skeletal warriors (Vaults:2)
  10 sea snakes
  64 deep trolls
  4 arcanists
  2 cherubim
  A glowing orange brain (Depths:2)
  7 mana vipers
  An elf zombie (Vaults:1)
  A tengu zombie (Vaults:1)
  8 necromancers
  4 naga ritualists
  20 ironbound convokers
  4 large abominations
  An orange crystal statue (Zot:5)
  4 phantasmal warriors (Vaults:5)
  26 harpies
  5 lindwurms
  24 ugly things
  A harpy (shapeshifter) (D:15)
  An obsidian statue (Vaults:1)
  6 thermic dynamos
  18 deep elf zephyrmancers
  8 orc knights
  27 manticores
  20 salamanders
  14 fauns
  A wolf spider (D:12)
  3 human zombies
  2 apis zombies (Depths:3)
  38 deep elf pyromancers
  7 cyclopes
  10 moths of wrath
  3 orc sorcerers (Orc:2)
  4 oklob plants
  2 kobold blastminers (Orc:1)
  6 human skeletons
  3 meliai (D:13)
  20 naga magi
  8 merfolk sirens
  7 guardian serpents
  A stone giant skeleton (Vaults:2)
  19 vault sentinels
  7 centaur zombies (D:10)
  A molten gargoyle (Lair:2)
  A rust devil (D:11)
  12 cane toads
  2 smoke demons
  2 unseen horrors
  10 elephants
  7 water nymphs
  4 gargoyles
  38 black mambas
  33 yaktaurs
  6 freezing wraiths
  An ice devil (D:12)
  2 unseen horror zombies (D:10)
  10 komodo dragons
  A rime drake (Lair:4)
  A guardian mummy (Depths:3)
  A hellion (Zot:5)
  Psyche (D:8)
  A tormentor (D:1)
  An efreet (D:15)
  5 kobold demonologists
  4 tengu conjurers
  29 merfolk
  5 polar bears
  13 trolls
  4 wind drakes
  4 glass eyes
  5 hornets
  A tyrant leech (D:12)
  A tengu simulacrum (Depths:2)
  40 saltlings
  2 hellwings (D:12)
  8 blink frogs (Lair:5)
  Grinder (D:6)
  A fire giant simulacrum (Depths:3)
  A raiju (Snake:1)
  A snapping turtle (shapeshifter) (Vaults:5)
  5 dream sheep
  8 snapping turtles
  A centaur simulacrum (D:14)
  47 slime creatures
  2 spriggans (Depths:3)
  25 water elementals
  Sigmund (D:3)
  6 air elementals
  4 wraiths
  7 wyverns
  5 vampires
  7 shadows
  3 fire elementals
  4 basilisks
  41 yaks
  8 small abominations
  A hog (shapeshifter) (D:15)
  A human (Shoals:4)
  A steam dragon (Lair:3)
  8 vampire mosquitoes
  2 redbacks
  8 wargs
  5 swamp worms
  28 nagas
  15 water moccasins
  2 acid dragons
  3 hell hounds (Elf:3)
  A glowing shapeshifter skeleton (Vaults:2)
  42 orc warriors
  2 sky beasts
  3 black bears
  An ogre skeleton (Vaults:4)
  An ice beast (D:8)
  9 laughing skulls
  9 wolves (Lair:2)
  8 ogres
  10 boggarts
  A wolf (shapeshifter) (Vaults:5)
  14 centaurs
  5 kobold brigands
  2 gnoll sergeants
  11 bullfrogs
  Blork the orc (D:6)
  A glowing shapeshifter simulacrum (Depths:3)
  An earth elemental (Elf:1)
  4 scorpions
  3 wights (D:7)
  15 killer bees
  5 howler monkeys
  7 electric eels
  2 lava snakes (Lair:2)
  24 jellies
  2 hounds (D:6)
  2 gnoll boudas
  3 sleepcaps
  32 orc priests
  39 orc wizards
  5 iguanas
  A howler monkey zombie (D:10)
  9 adders
  16 gnolls
  A white imp (D:5)
  2 ufetubi (D:6)
  3 ribbon worms
  3 dart slugs
  95 orcs
  21 endoplasms
  6 giant cockroaches
  9 goblins
  15 hobgoblins
  12 jackals
  25 kobolds
  7 quokkas
  6 ball pythons
  9 bats
  4 frilled lizards
  5 rats
  An aspiring flesh (Zot:4)
  A spectral weapon (Vaults:5)
  A tentacle (Shoals:3)
2113 creatures vanquished.

Vanquished Creatures (collateral kills)
  A pandemonium lord (D:2)
  Frederick (Vaults:4)
  Josephina (Depths:2)
  A lich (D:2)
  An Orb Guardian (D:2)
  2 nagarajas (Snake:4)
  A cacodemon (D:2)
  A very ugly thing (Depths:4)
  A crystal guardian (Vaults:4)
  2 peacekeepers (Desolation)
  A naga sharpshooter (Snake:4)
  An ironbound convoker (Desolation)
  2 ugly things
  A faun (shapeshifter) (Vaults:5)
  A guardian serpent (Snake:4)
  An orange demon (D:2)
  A tormentor (D:2)
  4 saltlings (Desolation)
  A snapping turtle (Shoals:1)
  2 nagas (Snake:4)
27 creatures vanquished.

Vanquished Creatures (others)
  A red draconian (Zot:1)
  A spriggan simulacrum (Depths:2)
  A merfolk (Shoals:4)
  A fire giant simulacrum (Depths:2)
  4 tentacles (Shoals:3)
8 creatures vanquished.

Grand Total: 2148 creatures vanquished

Notes
Turn   | Place    | Note
-------+----------+-------------------------------------------
     0 | D:1      | EnegeticOcto the Coglin Monk began the quest for the Orb.
     0 | D:1      | Reached XP level 1. HP: 18/18 MP: 1/1
   147 | D:1      | Reached skill level 1 in Stealth
   243 | D:1      | Reached XP level 2. HP: 24/24 MP: 2/2
   331 | D:1      | Got the Almanac of Horrible Azoth
   391 | D:1      | Reached skill level 2 in Stealth
   525 | D:2      | Reached XP level 3. HP: 29/29 MP: 3/3
   666 | D:1      | Reached skill level 3 in Stealth
   670 | D:2      | Reached XP level 4. HP: 35/35 MP: 4/4
  1330 | D:3      | Reached skill level 4 in Long Blades
  1381 | D:3      | Noticed Sigmund
  1392 | D:3      | Killed Sigmund
  1393 | D:3      | Reached skill level 4 in Fighting
  1393 | D:3      | Reached skill level 5 in Long Blades
  1393 | D:3      | Reached XP level 5. HP: 37/42 MP: 5/5
  1393 | D:3      | Reached XP level 6. HP: 42/48 MP: 6/6
  1601 | D:3      | Found a sparkling altar of Nemelex Xobeh.
  1605 | D:3      | Became a worshipper of Nemelex Xobeh the Trickster
  1605 | D:3      | Reached * piety under Nemelex Xobeh
  1605 | D:3      | Received a gift from Nemelex Xobeh
  1605 | D:3      | Reached ** piety under Nemelex Xobeh
  1668 | D:3      | Found a white marble altar of Elyvilon.
  1783 | D:3      | Identified the +8 dagger "Essi Qakh" {elec, rC- Str+3
                  | Dex+5}
  1956 | D:3      | Found a basalt altar of Yredelemnul.
  2072 | D:3      | You fall into a shaft and drop 3 floors!
  2080 | D:6      | Noticed a black bear
  2154 | D:6      | Noticed Grinder
  2169 | D:6      | Reached skill level 1 in Short Blades
  2174 | D:6      | Killed Grinder
  2175 | D:6      | Reached skill level 5 in Fighting
  2175 | D:6      | Reached skill level 2 in Short Blades
  2175 | D:6      | Reached XP level 7. HP: 40/56 MP: 7/7
  2298 | D:5      | Entered Level 5 of the Dungeon
  2657 | D:4      | Found Doijoug's Distillery.
  2665 | D:4      | Bought a potion of heal wounds for 70 gold pieces
  2665 | D:4      | Bought a potion of heal wounds for 70 gold pieces
  2665 | D:4      | Bought a potion of berserk rage for 70 gold pieces
  2918 | D:4      | Found a hazy altar of Hepliaklqana.
  3064 | D:5      | Reached skill level 3 in Short Blades
  3076 | D:5      | Found an opulent altar of Gozag.
  3076 | D:5      | Found a snail-covered altar of Cheibriados.
  3076 | D:5      | Found a broken altar of Ashenzari.
  3212 | D:5      | Reached *** piety under Nemelex Xobeh
  3321 | D:5      | Found Piontain's Armour Shop.
  3346 | D:5      | Found a shadowy altar of Dithmenos.
  3354 | D:5      | Reached skill level 6 in Fighting
  3354 | D:5      | Reached XP level 8. HP: 64/64 MP: 8/8
  3364 | D:5      | Reached skill level 4 in Short Blades
  3531 | D:5      | Reached skill level 1 in Evocations
  3721 | D:6      | Noticed Blork the orc
  3723 | D:6      | Killed Blork the orc
  3724 | D:6      | Reached skill level 2 in Evocations
  3727 | D:6      | Found a glowing silver altar of Zin.
  3834 | D:6      | Reached skill level 3 in Evocations
  3845 | D:6      | Found a staircase to the Ecumenical Temple.
  3916 | D:6      | Received a gift from Nemelex Xobeh
  3922 | D:6      | Reached skill level 7 in Fighting
  3922 | D:6      | Reached skill level 5 in Short Blades
  3922 | D:6      | Reached skill level 4 in Evocations
  4025 | D:6      | Identified a scroll of acquirement
  4026 | D:6      | Acquired the +1 pair of boots of the Jolly Nights {rC++
                  | Stlth+}
  4302 | D:7      | Reached XP level 9. HP: 70/72 MP: 9/9
  4409 | D:7      | Reached skill level 5 in Evocations
  4715 | D:7      | Found Weedirr's Magic Scroll Shop.
  4718 | D:7      | Bought a scroll of teleportation for 45 gold pieces
  4897 | D:7      | Reached **** piety under Nemelex Xobeh
  4928 | D:7      | Reached skill level 6 in Short Blades
  4928 | D:7      | Reached skill level 6 in Evocations
  4969 | D:7      | Noticed a hornet
  4975 | D:7      | Reached skill level 8 in Fighting
  4980 | D:7      | Killed a hornet
  5132 | D:7      | Found a shimmering blue altar of Sif Muna.
  5259 | D:8      | Found an ancient bone altar of Kikubaaqudgha.
  5519 | D:8      | Identified the +2 scale mail "Leutiur" {rElec rPois rN+}
  5521 | D:8      | Noticed a hornet
  5523 | D:8      | Killed a hornet
  5524 | D:8      | Reached skill level 7 in Short Blades
  5577 | D:8      | Reached skill level 9 in Fighting
  5577 | D:8      | Reached XP level 10. HP: 81/83 MP: 10/10
  5927 | D:8      | Noticed a two-headed ogre
  5935 | D:8      | Killed a two-headed ogre
  5936 | D:8      | Reached skill level 8 in Short Blades
  5965 | D:8      | Noticed Psyche
  5967 | D:8      | Killed Psyche
  5968 | D:8      | Reached skill level 10 in Fighting
  6138 | D:9      | Found a sacrificial altar of Ru.
  6155 | D:9      | Noticed a two-headed ogre
  6164 | D:9      | Killed a two-headed ogre
  6165 | D:9      | Reached skill level 9 in Short Blades
  6318 | D:9      | Found Boqy's Weapon Shop.
  6346 | D:9      | Found Ossiap's Assorted Antiques.
  6403 | D:9      | Found Cadeor's Weapon Shoppe.
  6410 | D:9      | Reached skill level 1 in Armour
  6410 | D:9      | Reached skill level 3 in Dodging
  6410 | D:9      | Reached skill level 1 in Invocations
  6443 | D:9      | Found Biemeru's Assorted Antiques.
  6445 | D:9      | Found Per Iwaetzi's Armour Emporium.
  6445 | D:9      | Found Tysi's Magic Scroll Shoppe.
  6571 | D:9      | Found Colur's Book Boutique.
  6640 | D:9      | Reached ***** piety under Nemelex Xobeh
  6644 | D:9      | Received a gift from Nemelex Xobeh
  6676 | D:9      | Reached XP level 11. HP: 90/90 MP: 10/12
  6745 | D:9      | Reached skill level 2 in Armour
  6749 | D:9      | Reached skill level 7 in Evocations
  6755 | D:9      | Reached skill level 2 in Invocations
  6813 | D:9      | Found a staircase to the Orcish Mines.
  6896 | D:9      | Bought a glowing grey potion for 20 gold pieces
  7049 | D:9      | Reached skill level 4 in Dodging
  7218 | D:9      | Found a blossoming altar of Fedhas.
  7232 | D:9      | Found Qykkugh's Antique Armour Emporium.
  7252 | D:9      | Found Jomuviam's Overcharged Wands.
  7410 | D:9      | Found Baxainn's Distillery.
  7426 | D:9      | Found a radiant altar of Vehumet.
  7451 | D:9      | Received a gift from Nemelex Xobeh
  7506 | D:9      | Found an ornate altar of the Wu Jian Council.
  7687 | D:10     | Entered Level 10 of the Dungeon
  7704 | D:9      | Reached skill level 3 in Armour
  7770 | D:9      | Reached skill level 3 in Invocations
  7777 | D:9      | Reached skill level 8 in Evocations
  8111 | D:10     | Reached skill level 4 in Armour
  8403 | D:10     | Reached skill level 4 in Invocations
  8403 | D:10     | Reached skill level 9 in Evocations
  8945 | D:10     | Reached skill level 5 in Invocations
  9186 | D:10     | Reached skill level 6 in Invocations
  9263 | D:9      | Reached XP level 12. HP: 55/97 MP: 16/16
  9493 | D:10     | Found a staircase to the Lair.
  9494 | D:10     | Noticed a two-headed ogre
  9505 | D:10     | Killed a two-headed ogre
  9628 | D:10     | Received a gift from Nemelex Xobeh
  9864 | D:5      | Bought a +2 cloak of willpower for 258 gold pieces
  9966 | Lair:1   | Entered Level 1 of the Lair of Beasts
 10008 | Lair:1   | Reached skill level 7 in Invocations
 10197 | Lair:1   | Received a gift from Nemelex Xobeh
 10292 | Lair:1   | Reached skill level 8 in Invocations
 10601 | Lair:1   | Noticed a boulder beetle
 10613 | Lair:1   | Killed a boulder beetle
 11090 | Lair:1   | Received a gift from Nemelex Xobeh
 11328 | Lair:2   | You fall into a shaft and drop 2 floors!
 11331 | Lair:4   | Reached skill level 5 in Dodging
 11363 | Lair:4   | Got Biaralid's Quarto of Viridian Ill Luck
 11389 | Lair:3   | Found a transporter.
 11432 | Lair:2   | Found a staircase to the Shoals.
 11433 | Lair:2   | Reached ****** piety under Nemelex Xobeh
 11433 | Lair:2   | Received a gift from Nemelex Xobeh
 11651 | Lair:2   | Found a staircase to the Snake Pit.
 12173 | Lair:2   | Reached skill level 9 in Invocations
 12195 | Lair:2   | Reached skill level 6 in Dodging
 12482 | Lair:2   | Received a gift from Nemelex Xobeh
 12857 | Lair:3   | Reached XP level 13. HP: 79/103 MP: 20/20
 12885 | Lair:3   | Reached skill level 7 in Dodging
 13249 | Lair:3   | Received a gift from Nemelex Xobeh
 13599 | Lair:3   | Found a transporter.
 13775 | Lair:3   | Reached skill level 10 in Invocations
 14248 | Lair:4   | Received a gift from Nemelex Xobeh
 14462 | Lair:4   | Reached skill level 8 in Dodging
 14928 | Lair:5   | Entered Level 5 of the Lair of Beasts
 15075 | Lair:5   | Received a gift from Nemelex Xobeh
 15103 | Lair:5   | Reached skill level 9 in Dodging
 15322 | Lair:5   | Reached skill level 11 in Invocations
 15710 | Lair:5   | Identified the +1 ring mail of Limitation {Dex+4 Slay+3}
 15932 | Lair:5   | Found a viscous altar of Jiyva.
 15933 | Lair:5   | Found a staircase to the Slime Pits.
 16036 | Lair:5   | Reached XP level 14. HP: 73/110 MP: 22/22
 16052 | Lair:5   | Acquired an adeledicnander widget {RevParry, rPois rF+
                  | rCorr}
 16258 | Lair:5   | Reached skill level 10 in Dodging
 16272 | Lair:5   | Received a gift from Nemelex Xobeh
 17015 | Orc:1    | Entered Level 1 of the Orcish Mines
 17165 | Orc:1    | Noticed Erolcha
 17175 | Orc:1    | Killed Erolcha
 17270 | Orc:2    | Entered Level 2 of the Orcish Mines
 17287 | Orc:2    | Found a staircase to the Elven Halls.
 17530 | Orc:1    | Noticed Fannar
 17537 | Orc:2    | Killed Fannar
 17538 | Orc:2    | Reached skill level 12 in Invocations
 17825 | Orc:2    | Received a gift from Nemelex Xobeh
 18237 | Orc:2    | Noticed an orc warlord
 18240 | Orc:2    | Reached skill level 10 in Evocations
 18260 | Orc:2    | Killed an orc warlord
 18489 | Orc:2    | Noticed an orc warlord
 18516 | Orc:2    | Killed an orc warlord
 19109 | Orc:2    | Reached skill level 11 in Fighting
 19351 | Orc:2    | Reached skill level 11 in Evocations
 19427 | Orc:2    | Received a gift from Nemelex Xobeh
 19710 | Orc:2    | Found Node's Antique Armour Emporium.
 19711 | Orc:2    | Found Ollesouqae's Antique Weapon Emporium.
 19713 | Orc:2    | Found Ditza's General Store.
 19713 | Orc:2    | Found Ufosoc's Jewellery Shoppe.
 20069 | Orc:2    | Found Node's Antique Armour Emporium.
 20070 | Orc:2    | Found Ollesouqae's Antique Weapon Emporium.
 20072 | Orc:2    | Found Ditza's General Store.
 20072 | Orc:2    | Found Ufosoc's Jewellery Shoppe.
 20277 | Orc:2    | Found a staircase to the Elven Halls.
 20513 | Orc:2    | Bought a bloodstained scale mail for 297 gold pieces
 20513 | Orc:2    | Identified the +1 scale mail of Fezxeq {rC- Regen+ rCorr
                  | Int+8} (You bought it in a shop on level 2 of the Orcish
                  | Mines)
 20697 | D:9      | Bought a pair of steaming boots for 209 gold pieces
 20697 | D:9      | Identified the +2 pair of boots of Circular Logic {rN+
                  | Int-2 Dex+4} (You bought it in a shop on level 9 of the
                  | Dungeon)
 20700 | D:9      | Bought a scorched chain mail for 209 gold pieces
 20700 | D:9      | Identified the +7 chain mail of Vampiric Thralls {Stlth+}
                  | (You bought it in a shop on level 9 of the Dungeon)
 20807 | D:4      | Bought a potion of might for 56 gold pieces
 20807 | D:4      | Bought a potion of curing for 42 gold pieces
 20807 | D:4      | Bought a potion of curing for 42 gold pieces
 20807 | D:4      | Bought a potion of curing for 42 gold pieces
 20807 | D:4      | Bought a potion of lignification for 42 gold pieces
 20958 | D:9      | Bought a potion of mutation for 88 gold pieces
 20958 | D:9      | Bought a potion of enlightenment for 55 gold pieces
 20958 | D:9      | Bought a potion of curing for 33 gold pieces
 21175 | D:11     | Found a gate leading to a gauntlet.
 21180 | Gauntlet | Entered a Gauntlet
 21180 | Gauntlet | Found a transporter.
 21187 | Gauntlet | Found a transporter.
 21189 | Gauntlet | Found a transporter.
 21202 | Gauntlet | Found a transporter.
 21203 | Gauntlet | Found a transporter.
 21204 | Gauntlet | Received a gift from Nemelex Xobeh
 21219 | Gauntlet | Found a transporter.
 21225 | Gauntlet | Found a runed translucent gate.
 21226 | Gauntlet | Found a transporter.
 21226 | Gauntlet | Found a runed translucent gate.
 21227 | Gauntlet | Found a runed translucent gate.
 21233 | Gauntlet | Found a runed translucent door.
 21237 | Gauntlet | Found a transporter.
 21248 | Gauntlet | Found a transporter.
 21253 | Gauntlet | Found a transporter.
 21268 | Gauntlet | Found a transporter.
 21278 | Gauntlet | Found a transporter.
 21278 | Gauntlet | Found a transporter.
 21334 | Gauntlet | Found a transporter.
 22065 | Gauntlet | Reached XP level 15. HP: 96/119 MP: 24/24
 22113 | Gauntlet | Identified the -1 cloak "Firak" {rF- rN++ Dex+3}
 22676 | D:9      | Bought a +0 helmet for 63 gold pieces
 22857 | D:12     | Reached skill level 12 in Evocations
 22934 | D:12     | Reached skill level 5 in Armour
 23418 | D:12     | Received a gift from Nemelex Xobeh
 23447 | D:12     | Identified the +1 hand axe "Vuxuy" {drain, rC+ Will+ Int-4
                  | Dex+3}
 23570 | D:12     | Reached skill level 13 in Invocations
 23585 | D:12     | Reached skill level 12 in Fighting
 23740 | D:12     | Reached skill level 6 in Armour
 23748 | D:12     | Noticed a tengu reaver
 23763 | D:12     | Killed a tengu reaver
 23767 | D:12     | Reached skill level 13 in Evocations
 24534 | D:12     | Identified the +5 chain mail "Ulan" {Harm +Blink rF-}
 24712 | D:13     | Received a gift from Nemelex Xobeh
 24906 | D:13     | Reached skill level 7 in Armour
 25183 | D:13     | Reached skill level 13 in Fighting
 26081 | D:14     | Received a gift from Nemelex Xobeh
 26140 | D:14     | Found a gate to the Vaults.
 26143 | D:14     | Reached skill level 8 in Armour
 26143 | D:14     | Reached XP level 16. HP: 132/132 MP: 25/25
 26303 | D:14     | Reached skill level 14 in Fighting
 26734 | D:14     | Found a portal to a secret trove of treasure.
 26918 | D:14     | Found Masom's Neck Hole.
 27120 | D:15     | Entered Level 15 of the Dungeon
 27155 | D:15     | Found a burning altar of Makhleb.
 27670 | D:15     | Got the Incunabulum of the Sky
 27973 | D:15     | Reached skill level 15 in Fighting
 27973 | D:15     | Received a gift from Nemelex Xobeh
 28274 | D:15     | Found a staircase to the Depths.
 28505 | Shoals:1 | Entered Level 1 of the Shoals
 29780 | Shoals:1 | Reached skill level 11 in Dodging
 29858 | Shoals:1 | Found Noun's Assorted Antiques.
 29928 | Shoals:1 | Bought a potion of heal wounds for 160 gold pieces
 31027 | Shoals:2 | Found a runed translucent gate.
 31027 | Shoals:2 | Found a runed translucent gate.
 31027 | Shoals:2 | Found a runed translucent gate.
 31118 | Shoals:2 | Noticed icebreaker629's ghost (adept DsBe)
 31135 | Shoals:2 | Reached skill level 10 in Short Blades
 31314 | Shoals:2 | Received a gift from Nemelex Xobeh
 31388 | Shoals:2 | Reached skill level 12 in Dodging
 31672 | Shoals:2 | Reached XP level 17. HP: 133/142 MP: 26/26
 32071 | Shoals:2 | You fall into a shaft and drop 1 floor!
 32176 | Shoals:2 | Received a gift from Nemelex Xobeh
 32222 | Shoals:2 | Reached skill level 11 in Short Blades
 32275 | Shoals:2 | Identified the amulet of Attitude {Acrobat +Blink rF+}
 33424 | Shoals:3 | Found Peuric's Book Emporium.
 33464 | Shoals:3 | Reached skill level 13 in Dodging
 33631 | Shoals:3 | Noticed a kraken
 34323 | Shoals:4 | Entered Level 4 of the Shoals
 34323 | Shoals:4 | Received a gift from Nemelex Xobeh
 34977 | Shoals:4 | Reached skill level 12 in Short Blades
 36340 | Shoals:4 | Identified the ring "Ycviocim" {rN+ Will+ Int+2}
 36403 | Shoals:3 | Reached skill level 14 in Dodging
 36738 | Shoals:4 | Reached XP level 18. HP: 146/149 MP: 27/27
 36791 | Shoals:4 | Reached skill level 13 in Short Blades
 37368 | Shoals:4 | Found a white marble altar of Elyvilon.
 37380 | Shoals:4 | Identified the +2 cloak "Dideef" {Str+3 Int+3}
 37383 | Shoals:4 | Got a barnacled rune of Zot
 38050 | Shoals:4 | Got the Spellbook of the Discharge
 38064 | Shoals:4 | Found a glowing golden altar of the Shining One.
 38178 | Shoals:4 | Got Roc Muhe's Spellbook of the Mutagenic Ossuary
 38184 | Shoals:4 | Got Ahodacre's Lectures on the Fifth Circle
 38375 | Shoals:4 | Found a glowing silver altar of Zin.
 38582 | Snake:1  | Entered Level 1 of the Snake Pit
 38603 | Snake:1  | Received a gift from Nemelex Xobeh
 38966 | Snake:1  | Identified the +0 robe of the Unbroken {Will+ Dex+4 Slay-4
                  | Stlth+}
 40355 | Snake:2  | Received a gift from Nemelex Xobeh
 40657 | Snake:2  | Found Gulir's Armour Shop.
 41036 | Snake:2  | Reached skill level 14 in Evocations
 41322 | Snake:2  | Received a gift from Nemelex Xobeh
 41750 | Snake:2  | Received a gift from Nemelex Xobeh
 42193 | Snake:3  | Found Qywk's General Store.
 42674 | Snake:3  | Found a sacrificial altar of Ru.
 43009 | Snake:3  | Reached skill level 16 in Fighting
 43066 | Snake:3  | Received a gift from Nemelex Xobeh
 43508 | Snake:3  | Noticed Roxanne
 43614 | Snake:3  | Reached skill level 15 in Evocations
 43899 | Snake:4  | Entered Level 4 of the Snake Pit
 43903 | Snake:4  | Reached skill level 15 in Dodging
 43903 | Snake:4  | Reached XP level 19. HP: 157/157 MP: 28/28
 44197 | Snake:4  | Found Suravvump's Jewellery Emporium.
 44209 | Snake:4  | Found Jaesa's Assorted Antiques.
 44470 | Snake:4  | Found Paith's Weapon Shoppe.
 44515 | Snake:4  | Received a gift from Nemelex Xobeh
 44516 | Snake:4  | Found Rimmas's Antique Weapon Emporium.
 44548 | Snake:4  | Bought a slimy short sword for 192 gold pieces
 44548 | Snake:4  | Identified the +6 short sword "Worchih" {vamp, rN++ MP-9}
                  | (You bought it in a shop on level 4 of the Snake Pit)
 44571 | Snake:4  | Found Coprolum's Book Emporium.
 45095 | Snake:4  | Noticed Asterion
 45129 | Snake:4  | Killed Asterion
 45331 | Snake:4  | Identified the serpent talisman "Oshaik" {Fly rElec rF-
                  | MP+9 Int+2}
 45331 | Snake:4  | Noticed Aizul
 45362 | Snake:4  | Killed Aizul
 45447 | Snake:4  | Found a shimmering blue altar of Sif Muna.
 45927 | Snake:4  | Reached skill level 16 in Evocations
 46150 | Snake:4  | Received a gift from Nemelex Xobeh
 46598 | Snake:4  | Identified the +2 long sword "Vaeggaka" {freeze, rPois rF+}
 47485 | Snake:4  | Found an iron altar of Okawaru.
 47499 | Snake:4  | Got a serpentine rune of Zot
 47768 | Elf:1    | Entered Level 1 of the Elven Halls
 47773 | Elf:1    | Reached skill level 17 in Fighting
 48247 | Elf:1    | Found a crumbling gateway.
 48339 | Desolati | Entered the Desolation of Salt
 48832 | Desolati | Reached skill level 16 in Dodging
 49057 | Desolati | Got the Elucidation of Searing Thunder
 49416 | Desolati | Found the +4 robe of Folly {Brill Will-∞ Int+8}
 49800 | Desolati | Got the Enchiridion on Creation
 49802 | Desolati | Got the Secrets of Violence
 50122 | Desolati | Received a gift from Nemelex Xobeh
 50124 | Desolati | Identified the amulet of Foh Bor {Faith rPois Int+3 SInv}
 50133 | Desolati | Identified the +9 quarterstaff "Laamnom" {antimagic, rF+
                  | Str+4}
 50174 | Desolati | Found the +9 staff of Olgreb {rPois∞}
 50343 | Elf:1    | Reached XP level 20. HP: 168/169 MP: 29/29
 50405 | Elf:1    | Paralysed by an air elemental for 1 turns
 51016 | Elf:1    | Reached skill level 18 in Fighting
 51061 | Elf:1    | Paralysed by an air elemental for 1 turns
 51072 | Elf:1    | Found Quidun's Assorted Antiques.
 51702 | Elf:2    | Noticed Jorgrun
 51708 | Elf:2    | Killed Jorgrun
 51903 | Elf:2    | Reached skill level 17 in Dodging
 52374 | Elf:2    | Received a gift from Nemelex Xobeh
 52564 | Elf:2    | Found a runed translucent gate.
 52565 | Elf:2    | Found a runed translucent gate.
 52565 | Elf:2    | Found a runed translucent gate.
 54801 | Elf:3    | Entered Level 3 of the Elven Halls
 54843 | Elf:3    | Reached skill level 19 in Fighting
 55313 | Elf:3    | Found Ejor's Assorted Antiques.
 55321 | Elf:3    | Received a gift from Nemelex Xobeh
 55376 | Elf:3    | Acquired the +2 helmet of Minor Irritation {Will+ Int-3
                  | Slay+3 SInv}
 55404 | Elf:3    | Bought a scroll of blinking for 165 gold pieces
 55798 | Elf:3    | Reached skill level 18 in Dodging
 55861 | Elf:3    | Reached XP level 21. HP: 181/181 MP: 30/30
 56610 | Elf:3    | Identified the ring "Ywive" {rPois rC+ Will++ Int+5 Dex-2}
 56624 | Elf:3    | Reached skill level 20 in Fighting
 56655 | Elf:3    | Identified the ring of Lys Afug {Will+ rCorr Dex+2}
 57061 | Elf:3    | Identified the ring of the Princeling {rF+ Will+ Dex+3}
 57437 | Elf:3    | Identified the staff of Diet Blood {*Slow rF+++ rC+ Int+6
                  | Dex-5 Ice}
 57640 | Elf:3    | Identified the +8 short sword of Iconoclasm {freeze, rCorr}
 57640 | Elf:3    | Identified the amulet of Imakh {Spirit Regen+ rCorr Str+3
                  | Slay-3}
 58134 | Elf:3    | Identified the ring "Geuhirhu" {rPois rCorr Str+6 Stlth-}
 58437 | Elf:3    | Identified the ring "Moelijiq" {^Drain rF+ rC+ Str+7}
 59418 | Elf:3    | Identified the +0 troll leather armour of Plasticity {-Cast
                  | rPois rF+ Regen+}
 60045 | Elf:3    | Identified the ring "Kexeocwatysch" {Str+6 SInv Stlth+}
 60210 | Elf:3    | Reached skill level 9 in Armour
 61116 | Elf:3    | Received a gift from Nemelex Xobeh
 61244 | Elf:3    | Reached skill level 17 in Evocations
 61441 | Elf:3    | Found the +3 giant club "Skullcrusher" {speed, Str+7}
 61455 | Elf:3    | Identified the staff "Darch" {Will+ Earth Alchemy}
 62012 | D:7      | Bought a scroll of enchant weapon for 112 gold pieces
 62012 | D:7      | Bought a scroll of fog for 60 gold pieces
 62091 | D:9      | Bought a smoking chain mail for 247 gold pieces
 62091 | D:9      | Identified the +1 chain mail of Divine Compulsion {Str+4
                  | Dex-4} (You bought it in a shop on level 9 of the Dungeon)
 62091 | D:9      | Bought a scroll of enchant weapon for 195 gold pieces
 62231 | Vaults:1 | Entered Level 1 of the Vaults
 62231 | Vaults:1 | Found Tankeloj's Armour Boutique.
 62939 | Vaults:1 | Reached skill level 10 in Armour
 63199 | Vaults:1 | Reached XP level 22. HP: 190/190 MP: 31/31
 63211 | Vaults:1 | Reached skill level 18 in Evocations
 63427 | Vaults:1 | Found a transporter.
 63434 | Vaults:1 | Identified the amulet of the Fresh Date {Spirit Rampage
                  | Will+ Slay+2}
 63444 | Vaults:1 | Found a transporter.
 63793 | Vaults:1 | Reached skill level 19 in Dodging
 63808 | Vaults:1 | Identified the +3 pair of gloves of Neatz {Int+4 Dex+4}
 64501 | Vaults:2 | Received a gift from Nemelex Xobeh
 64513 | Vaults:2 | Found a flickering gateway to a bazaar.
 64519 | Bazaar   | Entered a bazaar
 64519 | Bazaar   | Found Legraeno's Distillery.
 64521 | Bazaar   | Found Qiykhoim's Book Shop.
 64532 | Bazaar   | Found Reakhluo's Assorted Antiques.
 64537 | Bazaar   | Found Avvecef's Armour Emporium.
 64558 | Bazaar   | Bought the +3 crown of Dyrovepreva {rElec Int+2 SInv} for
                  | 662 gold pieces
 64558 | Bazaar   | Found the +3 crown of Dyrovepreva {rElec Int+2 SInv}
 64564 | Bazaar   | Bought a potion of might for 84 gold pieces
 64564 | Bazaar   | Bought a potion of enlightenment for 105 gold pieces
 64564 | Bazaar   | Bought a potion of might for 84 gold pieces
 64577 | Bazaar   | Bought a potion of heal wounds for 55 gold pieces
 64577 | Bazaar   | Bought a potion of enlightenment for 55 gold pieces
 64577 | Bazaar   | Bought a potion of curing for 33 gold pieces
 64577 | Bazaar   | Bought a potion of curing for 33 gold pieces
 64577 | Bazaar   | Bought 2 potions of enlightenment for 110 gold pieces
 64629 | Vaults:2 | Found Baiptull's Assorted Antiques.
 64827 | Vaults:2 | Found Sicaf's Magic Scroll Shop.
 64828 | Vaults:2 | Found Devofuxzy's Assorted Antiques.
 64995 | Vaults:2 | Bought a scroll of brand weapon for 123 gold pieces
 64995 | Vaults:2 | Bought a scroll of blinking for 97 gold pieces
 65013 | Vaults:2 | Received a gift from Nemelex Xobeh
 65160 | Vaults:2 | Reached skill level 11 in Armour
 65204 | Vaults:2 | Found Fulaq's Armour Shop.
 65535 | Vaults:2 | Received a gift from Nemelex Xobeh
 65680 | Vaults:2 | You fall into a shaft and drop 2 floors!
 65854 | Vaults:4 | Received a gift from Nemelex Xobeh
 65854 | Vaults:4 | Noticed Margery
 66125 | Vaults:4 | Reached skill level 19 in Evocations
 66350 | Vaults:4 | Identified the orb of the Playwright {light, Rampage rN+
                  | Stlth+}
 66350 | Vaults:4 | Noticed Frederick
 66366 | Vaults:4 | Killed Frederick
 66550 | Vaults:4 | Received a gift from Nemelex Xobeh
 67202 | Vaults:4 | Reached skill level 12 in Armour
 67433 | Vaults:4 | Received a gift from Nemelex Xobeh
 67633 | Vaults:3 | Reached skill level 20 in Evocations
 67689 | Vaults:3 | Reached XP level 23. HP: 196/196 MP: 32/32
 67707 | Vaults:3 | Reached skill level 20 in Dodging
 67821 | Vaults:3 | Noticed Norris
 67830 | Vaults:3 | Killed Norris
 67835 | Vaults:3 | Identified the +7 plate armour "Fiur" {+Inv rN+++ Str-3
                  | Stlth+}
 68000 | Vaults:3 | Received a gift from Nemelex Xobeh
 68227 | Vaults:3 | Reached skill level 14 in Invocations
 68277 | Vaults:3 | Received a gift from Nemelex Xobeh
 69348 | Vaults:2 | Found a staircase to the Crypt.
 69361 | Vaults:2 | Reached skill level 15 in Invocations
 69677 | Depths:1 | Entered Level 1 of the Depths
 69680 | Depths:1 | Found Raic Xas's Weapon Shop.
 69680 | Depths:1 | Found Yhuthrinu's Jewellery Boutique.
 69908 | Depths:1 | Found a magical portal.
 69985 | WizLab   | Entered Iskenderun's Mystic Tower
 70009 | Depths:1 | Received a gift from Nemelex Xobeh
 70497 | Depths:1 | Found a gateway to Hell.
 70547 | Depths:1 | Received a gift from Nemelex Xobeh
 70842 | Depths:1 | Found Xuorutiu's Weapon Shop.
 70864 | Depths:1 | Noticed Nikola
 70890 | Depths:1 | Banished Nikola
 71034 | Depths:1 | Found Zin's Purification Station.
 71037 | Depths:1 | Found a glowing silver altar of Zin.
 71040 | Depths:1 | Bought a potion of curing for 90 gold pieces
 71147 | Depths:2 | Found a one-way gateway to a ziggurat.
 71150 | Depths:2 | You fall into a shaft and drop 1 floor!
 71274 | Depths:2 | Found a one-way gate leading to the halls of Pandemonium.
 71301 | Depths:2 | Identified the +4 robe of Dusk {-Cast Harm Str+4}
 71301 | Depths:2 | Noticed Boris
 71321 | Depths:2 | Banished Boris
 71322 | Depths:2 | Reached skill level 16 in Invocations
 71393 | Depths:2 | Found an ornate altar of the Wu Jian Council.
 71647 | Depths:2 | Received a gift from Nemelex Xobeh
 71927 | Depths:2 | Reached XP level 24. HP: 173/204 MP: 35/35
 72130 | Depths:2 | Identified the ring "Velacs" {Ice Will- Str+3 SInv}
 72130 | Depths:2 | Noticed Josephina
 72145 | Depths:2 | Killed Josephina
 72824 | Depths:2 | Received a gift from Nemelex Xobeh
 73241 | Depths:3 | Reached skill level 17 in Invocations
 73250 | Depths:3 | Received a gift from Nemelex Xobeh
 73456 | Depths:3 | Found a one-way gate to the infinite horrors of the Abyss.
 73497 | Depths:3 | Found an ancient bone altar of Kikubaaqudgha.
 73498 | Depths:3 | Found a basalt altar of Yredelemnul.
 73498 | Depths:3 | Found a shimmering altar of Xom.
 74110 | Depths:3 | Identified the +2 demon blade "Feptuqovul" {flame, Fly rC+
                  | rN+}
 74658 | Depths:4 | Entered Level 4 of the Depths
 74659 | Depths:4 | Received a gift from Nemelex Xobeh
 74919 | Depths:4 | Noticed Vv
 74934 | Depths:4 | Banished Vv
 75082 | Depths:4 | Reached skill level 18 in Invocations
 75323 | Depths:4 | Noticed Xtahua
 75333 | Depths:4 | Banished Xtahua
 75631 | Depths:4 | Identified the +10 orcbow of Ygukk {flame, rPois rC++}
 75795 | Depths:4 | Identified the +1 trident "Ibetis" {venom, Int+3}
 75810 | Depths:4 | Reached skill level 19 in Invocations
 76262 | Depths:4 | Learned a level 1 spell: Apportation
 76360 | Depths:4 | Noticed a caustic shrike
 76369 | Depths:4 | Killed a caustic shrike
 76411 | Depths:4 | Noticed a caustic shrike
 76411 | Depths:4 | Noticed a caustic shrike
 76413 | Depths:4 | Found a gate to the Realm of Zot.
 76413 | Depths:4 | Noticed a caustic shrike
 76423 | Depths:4 | Killed a caustic shrike
 76424 | Depths:4 | Banished a caustic shrike
 76426 | Depths:4 | Banished a caustic shrike
 76494 | Depths:4 | Reached XP level 25. HP: 193/210 MP: 36/36
 77114 | Depths:4 | Noticed a dread lich
 77128 | Depths:4 | Banished a dread lich
 77129 | Depths:4 | Reached skill level 20 in Invocations
 77210 | Depths:4 | Received a gift from Nemelex Xobeh
 77636 | Vaults:5 | Entered Level 5 of the Vaults
 77637 | Vaults:5 | Noticed a dread lich
 77650 | Vaults:5 | Banished a dread lich
 77665 | Vaults:5 | Identified the +1 robe of Starshine {Harm Str+4 Slay-3}
 77729 | Vaults:5 | Noticed a dread lich
 77738 | Vaults:5 | Banished a dread lich
 77812 | Vaults:5 | Noticed a dread lich
 77850 | Vaults:5 | Killed a dread lich
 78109 | Vaults:5 | Noticed a dread lich
 78126 | Vaults:5 | Killed a dread lich
 78272 | Vaults:5 | Identified the +0 plate armour "Watoinla" {rPois MP+9}
 78372 | Vaults:5 | Identified the amulet "Xiatilej" {Acrobat +Inv}
 78372 | Vaults:5 | Found the +10 Black Knight's barding {ponderous, rPois rN+}
 78372 | Vaults:5 | Noticed an ancient lich
 78382 | Vaults:5 | Banished an ancient lich
 79272 | Vaults:5 | Noticed Bai Suzhen
 79321 | Vaults:5 | Killed Bai Suzhen
 79324 | Vaults:5 | Identified the +2 robe of Kaanapuy {Dex+3}
 79340 | Vaults:5 | Identified the amulet of Joahawn {rElec Will+ RegenMP+}
 79650 | Vaults:5 | Identified the +1 leather armour of Gitankas {Str+3 Int+5
                  | Slay-3 Stlth+}
 79866 | Vaults:5 | Received a gift from Nemelex Xobeh
 79897 | Vaults:5 | Reached skill level 21 in Evocations
 80155 | Vaults:5 | Reached XP level 26. HP: 220/220 MP: 37/37
 80166 | Vaults:5 | Noticed a dread lich
 80189 | Vaults:5 | Killed a dread lich
 80190 | Vaults:5 | Reached skill level 21 in Invocations
 80543 | Vaults:5 | Identified the +9 whip "Etrerosh" {spect, rCorr Str+5}
 80662 | Vaults:5 | Got a silver rune of Zot
 80755 | Vaults:5 | Reached skill level 21 in Fighting
 80864 | Vaults:5 | Received a gift from Nemelex Xobeh
 81320 | Zot:1    | Entered Level 1 of the Realm of Zot
 81343 | Zot:1    | Reached skill level 21 in Dodging
 81362 | Zot:1    | Reached skill level 1 in Translocations
 81369 | Zot:1    | Reached skill level 1 in Spellcasting
 81520 | Zot:1    | Reached skill level 2 in Translocations
 81572 | Zot:1    | Reached skill level 2 in Spellcasting
 81694 | Zot:1    | Reached skill level 3 in Translocations
 81897 | Zot:1    | Reached skill level 3 in Spellcasting
 82107 | Zot:1    | Reached skill level 4 in Translocations
 82237 | Zot:1    | Reached skill level 5 in Translocations
 83163 | Zot:1    | Reached skill level 6 in Translocations
 83896 | Zot:1    | Reached skill level 7 in Translocations
 84664 | Zot:3    | Reached skill level 8 in Translocations
 85133 | Zot:3    | Reached skill level 13 in Armour
 86072 | Zot:5    | Entered Level 5 of the Realm of Zot
 86276 | Zot:5    | Received a gift from Nemelex Xobeh
 86317 | Zot:5    | Reached skill level 14 in Armour
 86333 | Zot:5    | Reached XP level 27. HP: 218/228 MP: 37/37
 86609 | Zot:5    | Received a gift from Nemelex Xobeh
 87352 | Zot:5    | Paralysed by a Zot trap for 3 turns
 89047 | Zot:5    | Reached skill level 15 in Armour
 89316 | Zot:5    | Noticed an orb of fire
 89319 | Zot:5    | Gained mutation: Your magical capacity is low. (-10% MP)
                  | [an orb of fire]
 89324 | Zot:5    | Gained mutation: You are clumsy. (Dex -2) [an orb of fire]
 89332 | Zot:5    | Gained mutation: You have supernaturally acute eyesight.
                  | (SInv) [an orb of fire]
 89335 | Zot:5    | Banished an orb of fire
 89340 | Zot:5    | Noticed an orb of fire
 89340 | Zot:5    | Noticed an orb of fire
 89343 | Zot:5    | Gained mutation: Your body sometimes deteriorates upon
                  | taking damage. [an orb of fire]
 89343 | Zot:5    | Noticed an ancient lich
 89348 | Zot:5    | Banished an orb of fire
 89372 | Zot:5    | Banished an orb of fire
 89376 | Zot:5    | Killed an ancient lich
 89422 | Zot:5    | Reached skill level 16 in Armour
 89428 | Zot:5    | Got the Orb of Zot
 89680 | Depths:1 | Noticed Hixtutt the pandemonium lord
 90116 | D:2      | Noticed Askuna the pandemonium lord
 90130 | D:2      | Identified the -1 long sword of the Secret Youths {flame,
                  | Dex+2}
 90133 | D:2      | Identified the -1 trident "Vupsuoho" {flame, rElec rC+
                  | Str+4 Dex-4}
 90136 | D:2      | Killed Askuna the pandemonium lord
 90194 | D:3      | Fell from the grace of Nemelex Xobeh
 90195 | D:3      | Became a worshipper of Nemelex Xobeh the Trickster
 90262 | D:$      | Escaped with the Orb!

Illustrated notes

Levels and vault maps discovered:
D:1:      lightli_arrival_boilingwater, layout_rooms, feat_on_display
D:2:      layout_rooms
D:3:      minmay_spotlight, layout_basic, kennysheep_ying_yang,
          nemelex_dance_club_becter, minivault_14, uniq_sigmund
D:4:      layout_rooms, worldfamousw_hep_ancestral_shrine, serial_shops,
          nicolae_square_shop, minmay_misc_feat_hallway
D:5:      layout_loops_cross, nicolae_dithmenos_through_a_glass_darkly,
          chequers_temple_overflow_statue_of_worship, serial_shops,
          nicolae_shop_rolling_square
D:6:      layout_loops_ring, mainiacjoe_overflow_chevrons,
          minmay_temple_entry_mist, uniq_grinder, uniq_blork_the_orc
D:7:      layout_basic, tgw_sif, serial_shops, nicolae_shop_rolled_up
D:8:      layout_loops_ring, mainiacjoe_overflow_cross_hatched,
          minmay_misc_feat_rows, uniq_psyche
D:9:      layout_stronghold, overflow_temple_1_default,
          mainiacjoe_overflow_small_starburst, nicolae_ru_awakened_eye,
          kennysheep_mini, erik_orc_2, serial_shops, nicolae_stop_n_shop_1,
          shop, nicolae_shop_window_shopping, shop, shop,
          nicolae_shop_national_dungeon_mall, nicolae_shop_overcharged_wands
D:10:     layout_roguey, dpeg_oklobed_lair, serial_undead, serial_undead_e,
          serial_undead_a, serial_undead_b, serial_undead_f, serial_undead_e,
          serial_undead_a
D:11:     layout_roguey, gauntlet_entry_generic
D:12:     kennysheep_snake, layout_rooms, serial_demonic, serial_demonic_e,
          serial_demonic_g, serial_demonic_f, serial_demonic_d, worms_lemuel
D:13:     layout_basic, library_closet
D:14:     layout_loops_cross, lightli_vaults_fourway_checkpoint, enter_trove_6,
          minmay_staircase_bubble, st_stairs_3,
          nicolae_shop_sticking_my_neck_out
D:15:     grunt_enter_depths_hoard, layout_grid_maze, old_standard_altar,
          grunt_tough_drop
Lair:1:   lemuel_slime, layout_loops_ring, grunt_megastairs_3,
          serial_bayou_shore_a
Lair:2:   layout_gridlike, shoals_dummy_entry, nicolae_snake_entry_warm_welcome
Lair:3:   gammafunk_worm_tunnel, layout_cave_pods
Lair:4:   layout_concentric_octagons, beast_lair_carwin_4, lemuel_fruit_fields
Lair:5:   hellmonk_lair_end_abyssal_woods, layout_cave_pods,
          minmay_slime_entry_pillars
Shoals:1: cheibrodos_shoals_epimethial_gifts, layout_shoals, serial_shops, shop
Shoals:2: layout_shoals, ebering_ghost_rock_garden
Shoals:3: layout_shoals, serial_shops, shop, portal_ice_cave_entry_frozen_things
Shoals:4: shoals_end_hellmonk_holy_island
Snake:1:  layout_grid_shapes, nicolae_snake_squiggles, beargit_elvish_explorers,
          grunt_megastairs_4
Snake:2:  layout_grid_maze, serial_shops, nicolae_shop_back_alley_shop,
          st_stairs_3
Snake:3:  layout_onion, basic_altar, serial_shops, shop_statue, uniq_roxanne
Snake:4:  grunt_snake_rune_serpentine_throne, layout_misc_corridors,
          serial_shops, shop, shop, nicolae_shop_crystal,
          nicolae_book_shop_shelving, shop, serial_library_hellmonk_statue_hall,
          grunt_ministairs_4, hangedman_snake_pattern, st_stairs_12, uniq_aizul,
          uniq_asterion
Orc:1:    layout_caves, uniq_erolcha, uniq_fannar
Orc:2:    st_orc_congregation, layout_diamond_mine
Elf:1:    layout_geoelf_octagon, portal_desolation_entry_salt, serial_shops,
          nicolae_lakefront_shop, nicolae_elf_crossing_hall
Elf:2:    nicolae_elf_blades_crystal_corner, layout_loops_corners, uniq_jorgrun
Elf:3:    nooodl_elf_gasket, layout_geoelf_grid, serial_shops,
          nicolae_shop_waterfront, special_room [special_room_mythical_zoo],
          minivault_26
Vaults:1: hangedman_vaults_pinch, v_misc_31, gammafunk_sealed_arena,
          nicolae_vaults_wine_cellar, nicolae_vaults_ninety_degrees,
          nicolae_vaults_three_branches, nicolae_vaults_closet_pinwheel_6,
          layout_vaults_big_room, serial_shops, shop
Vaults:2: nicolae_vaults_closet_pinwheel_4, nicolae_vaults_little_ls, v_misc_24,
          minmay_crypt_entry_skeletal_spiral, hangedman_vaults_river_flow,
          ontoclasm_vaults_hangar, nicolae_vaults_house_3,
          nicolae_vaults_six-pack, nicolae_vaults_network_square,
          nicolae_vaults_network_barrier, grunt_vaults_trifunnel,
          nicolae_vaults_tetromino_Z_1, layout_vaults_omnibox, serial_shops,
          bzr_entry_safe, shop, shop, nicolae_shop_tiny_waterfront,
          nicolae_shop_tiny_real_fake_doors
Vaults:3: vaults_mumra_minichess_inversion,
          nicolae_vaults_offset_grid_hallway_2, nicolae_vaults_more_shelving_1,
          nicolae_vaults_storage_closets_2, v_misc_11, grunt_vaults_funnel,
          nicolae_vaults_oval_intersection, vaults_room_ringed_pool,
          nicolae_vaults_network_s, nicolae_vaults_little_squares_1,
          nicolae_vaults_diamond_2, vaults_mumra_chevron_long,
          vaults_room_stairs_pillars, nicolae_vaults_trapezoid_layered,
          layout_vaults_maze, uniq_norris
Vaults:4: hangedman_vaults_stagger, nicolae_vaults_an_arrangement,
          nicolae_vaults_spaceships, nicolae_vaults_storage_closets_3,
          vaults_dpeg_encased_lava, nicolae_vaults_closet_pinwheel_4,
          nicolae_vaults_circle_grid_b, layout_vaults_omnigrid, uniq_frederick,
          uniq_margery
Vaults:5: uniq_bai_suzhen
Depths:1: lemuel_minitomb, layout_gridlike, serial_shops,
          nicolae_shop_waterfront, infiniplex_enter_wizlab_glasses,
          pf_hell_entry_great_geh, hangedman_abyss_or_decor_stagger,
          serial_corexii_hall, corexii_hall_statues_t, corexii_hall_statues_l,
          zin_purify, minmay_shoptagon, uniq_nikola
Depths:2: nicolae_hexawheel, layout_gridlike, enter_ziggurat_e,
          pf_hell_entry_tar_spiral, pan_entry, grunt_decor_resistance,
          pdpol_wu_jian_five_deadly_venoms, minmay_staircase_statues,
          uniq_josephina, uniq_boris
Depths:3: skrybe_chaotic_catacombs, layout_cave_pools,
          hangedman_abyss_or_decor_passed, abyss_entry_small_statue_room,
          hell_entry, hangedman_decor_slide_cut, st_stairs_6,
          amcnicky_mini_rare_corridor_liquid
Depths:4: grunt_runaround [grunt_runaround_zot, grunt_runaround_doors_1,
          grunt_runaround_doors_2, grunt_runaround_doors_3,
          grunt_runaround_doors_4], hell_entry, uniq_xtahua, uniq_vv
Zot:1:    layout_misc_corridors, st_stairs_13, uniq_parghit
Zot:2:    lemuel_halls_of_wrath, layout_misc_corridors, grunt_megastairs_5
Zot:3:    lemuel_acid_trip, layout_cathedral_of_symmetry
Zot:4:    layout_misc_corridors, st_small_dragon_hoard_5,
          hangedman_elemental_grid_stream, regret_index_zotdec_banners
Zot:5:    layout_gridlike

Skill      XL: |  1  2  3  4  5  6  7  8  9 10 11 12 13 14 15 16 17 18 19 20 21 22 23 24 25 26 27 |
---------------+----------------------------------------------------------------------------------+-----
Stealth        | 1 2 3 |  3.0
Long Blades    | 5 |  5.1
Fighting       | 4 5 6 7 9 10 11 13 15 16 17 19 20 21 | 21.0
Short Blades   | 2 3 5 7 9 10 12 13 | 13.6
Evocations     | 4 6 9 11 13 15 16 17 20 21 | 21.0
Armour         | 1 4 8 10 12 14 16 | 16.7
Dodging        | 3 4 6 9 10 12 14 15 16 18 19 20 21 | 21.0
Invocations    | 1 6 9 11 12 13 16 19 20 21 | 21.1
Translocations | 8 |  8.0
Spellcasting   | 3 |  3.0

Action                     |  1- 3 |  4- 6 |  7- 9 | 10-12 | 13-15 | 16-18 | 19-21 | 22-24 | 25-27 || total
---------------------------+-------+-------+-------+-------+-------+-------+-------+-------+-------++-------
  Melee: Falchion          |    74 |    49 |       |       |       |       |       |       |       ||   123
         Dagger            |    59 |    61 |   277 |  1135 |  1907 |  1578 |   791 |       |       ||  5808
         Spear             |     9 |    75 |       |       |       |       |       |       |       ||    84
         Short sword       |       |       |       |       |   314 |  1036 |       |       |       ||  1350
         Rapier            |       |       |       |       |       |   465 |   823 |       |       ||  1288
         Quick blade       |       |       |       |       |       |       |  1231 |  3911 |  3220 ||  8362
  Throw: Dart              |       |     5 |     1 |    21 |       |     6 |     2 |       |       ||    35
   Cast: Apportation       |       |       |       |       |       |       |       |       |     3 ||     3
 Invoke: Draw Destruction  |       |       |       |     3 |    11 |    10 |       |     6 |     3 ||    33
         Stack Five        |       |       |       |     1 |       |     1 |       |       |     1 ||     3
         Draw Stack        |       |       |       |       |     2 |     1 |     1 |       |     1 ||     5
         Deal Four         |       |       |       |       |     4 |     1 |     2 |       |     3 ||    10
         Draw Escape       |       |       |       |       |     1 |       |       |       |       ||     1
         Draw Summoning    |       |       |       |       |       |     1 |     7 |     6 |    11 ||    25
         Renounce Religion |       |       |       |       |       |       |       |       |     1 ||     1
Ability: Invent Gizmo      |       |       |       |       |     1 |       |       |       |       ||     1
  Evoke: Wand              |       |       |     3 |    12 |    11 |    20 |    14 |     5 |    25 ||    90
         Lightning rod     |       |       |       |       |       |     6 |     4 |     3 |       ||    13
         Tin of tremorston |       |       |       |       |       |     3 |     5 |     7 |     2 ||    17
    Use: Scroll            |     1 |     6 |     7 |     5 |    12 |     5 |    15 |     9 |    15 ||    75
         Potion            |       |       |       |     2 |     1 |     3 |     3 |     4 |    19 ||    32
   Stab: Sleeping          |     1 |     6 |    16 |    11 |    27 |    14 |    19 |    25 |       ||   119
         Distracted        |       |       |     1 |     2 |     6 |     3 |    13 |     9 |    14 ||    48
         Paralysed         |       |       |       |     1 |       |     5 |     1 |       |     3 ||    10
         Invisible         |       |       |       |       |       |     7 |       |       |       ||     7
         Petrified         |       |       |       |       |       |       |       |       |     2 ||     2
 Armour: Leather armour    |     6 |       |       |       |       |       |       |       |       ||     6
         Robe              |     5 |       |       |       |       |       |       |       |       ||     5
         Ring mail         |    31 |    42 |    69 |   439 |   421 |   685 |   452 |    18 |       ||  2157
         Scale mail        |       |       |       |       |       |       |       |   456 |   433 ||   889
         Skin              |       |       |       |       |       |       |       |       |     3 ||     3
  Dodge: Dodged            |    49 |    48 |    54 |   327 |   546 |  1046 |   703 |   781 |   615 ||  4169
         Repelled          |       |     2 |     3 |     7 |       |       |       |       |       ||    12

Table legend: (Time is in decaauts)
 A = Elapsed time spent in this place.
 B = Non-inter-level travel time spent in this place.
 C = Inter-level travel time spent in this place.
 D = Time resting spent in this place.
 E = Time spent auto-exploring this place.
 F = Levels seen in this place.
 G = Mean time per level.
                   A        B        C        D        E       F      G
               +--------+--------+--------+--------+--------+-----+--------+
         Total |  86987 |  81357 |   5630 |  31489 |  34952 |  51 | 1705.6 |
       Dungeon |  17813 |  15145 |   2668 |   2513 |   9146 |  15 | 1187.5 |
          Lair |   7239 |   6870 |    369 |   1022 |   4755 |   5 | 1447.8 |
        Shoals |   9588 |   9284 |    304 |   4528 |   2856 |   4 | 2397.0 |
     Snake Pit |   8417 |   8169 |    248 |   3182 |   3815 |   4 | 2104.2 |
  Orcish Mines |   4009 |   3729 |    280 |   1129 |   1874 |   2 | 2004.5 |
   Elven Halls |  11490 |  11125 |    365 |   7203 |   2606 |   3 | 3830.0 |
        Vaults |   9789 |   9180 |    609 |   1243 |   5895 |   5 | 1957.8 |
        Depths |   7736 |   7077 |    659 |   2605 |   3184 |   4 | 1934.0 |
           Zot |   8010 |   7886 |    124 |   6492 |    470 |   5 | 1602.0 |
        Bazaar |     79 |     79 |      0 |      0 |     22 |   1 |   79.0 |
        Wizlab |      8 |      8 |      0 |      0 |      0 |   1 |    8.0 |
    Desolation |   1810 |   1810 |      0 |   1098 |    148 |   1 | 1810.0 |
      Gauntlet |    995 |    995 |      0 |    470 |    179 |   1 |  995.0 |
               +--------+--------+--------+--------+--------+-----+--------+

Top non-repeatable levels by time:
   Elf:3: 6906 daAuts
   Orc:2: 3377 daAuts
   Zot:5: 3327 daAuts
 Snake:4: 3324 daAuts
Shoals:3: 3240 daAuts
Vaults:5: 3117 daAuts
   Elf:2: 3083 daAuts
     D:9: 3049 daAuts
Depths:4: 2568 daAuts
   Zot:1: 2546 daAuts
Shoals:1: 2538 daAuts
Shoals:4: 2141 daAuts
Depths:2: 2061 daAuts
 Snake:2: 1906 daAuts
  Lair:2: 1881 daAuts

Table legend:
 A = Kills in this place as a percentage of kills in the entire game.
 B = Kills by you in this place as a percentage of kills by you in the entire game.
 C = Kills by friends in this place as a percentage of kills by friends in the entire game.
 D = Other kills in this place as a percentage of other kills in the entire game.
 E = Experience gained in this place as a percentage of experience gained in the entire game.
 F = Experience gained in this place divided by the number of levels of this place that you have seen.
                   A       B       C       D       E      F
               +-------+-------+-------+-------+-------+----------------------
         Total | 100.0 | 100.0 | 100.0 | 100.0 | 100.0 | 26255.9
       Dungeon |  21.1 |  22.7 |  22.2 |   1.2 |   7.8 | 6980.7
          Lair |   6.6 |   7.2 |   0.0 |   0.0 |   2.9 | 7849.4
        Shoals |   8.7 |   9.4 |   3.7 |   0.6 |   7.8 | 26021.2
     Snake Pit |   8.2 |   8.7 |  22.2 |   0.0 |   7.9 | 26603.5
  Orcish Mines |   7.0 |   7.6 |   0.0 |   0.0 |   1.8 | 11861.0
   Elven Halls |   8.9 |   8.9 |   0.0 |  11.2 |  11.8 | 52825.3
        Vaults |  20.1 |  18.2 |  11.1 |  44.7 |  28.2 | 75515.4
        Depths |   9.5 |   8.3 |  11.1 |  24.1 |  16.2 | 54336.0
           Zot |   6.4 |   5.5 |   3.7 |  18.2 |  12.8 | 34158.8
    Desolation |   2.9 |   2.8 |  25.9 |   0.0 |   2.4 | 32099.0
      Gauntlet |   0.6 |   0.7 |   0.0 |   0.0 |   0.3 | 4583.0
               +-------+-------+-------+-------+-------+----------------------
